 Dungeon Crawl Stone Soup version 0.27-a0-1046-g98bf31544f (webtiles) character file.

Game seed: 14774068756597708801

58 Anon1729 the Vexing (level 3, 0/28 HPs)
             Began as a Demigod Arcane Marksman on Apr 19, 2021.
             Slain by a hobgoblin
             ... wielding a +0 dagger
              (3 damage)
             ... on level 1 of the Dungeon.
             The game lasted 00:04:15 (2354 turns).

Anon1729 the Vexing (Demigod Arcane Marksman)       Turns: 2354, Time: 00:04:16

Health: 0/28       AC:  2    Str: 15    XL:     3   Next: 52%
Magic:  6/7        EV: 12    Int: 15    God:
Gold:   49         SH:  0    Dex: 14    Spells: 4/5 levels left

rFire    . . .     SeeInvis .   a - +0 shortbow
rCold    . . .     Faith    .   (shield currently unavailable)
rNeg     . . .     Spirit   .   e - +0 robe
rPois    .         Reflect  .   (no helmet)
rElec    .         Harm     .   (no cloak)
rCorr    .         Rampage  .   (no gloves)
Will     .....                  (no boots)
Stlth    +.........             (no amulet)
HPRegen  0.09/turn              (no ring)
MPRegen  0.10/turn              (no ring)

@: no status effects
A: high mp 1, forlorn
a: no special abilities


You were on level 1 of the Dungeon.
You visited 1 branch of the dungeon, and saw 2 of its levels.

You collected 49 gold pieces.

Inventory:

Hand Weapons
 a - a +0 shortbow (weapon)
 b - a +0 spear
 i - a +0 dagger
Missiles
 d - 4 arrows (quivered ammo)
Armour
 e - a +0 robe (worn)
Scrolls
 g - a scroll of enchant armour {unknown}
 h - 2 scrolls of identify {unknown}
 j - 3 scrolls of immolation {unknown}
Potions
 c - a potion of heal wounds {unknown}
 f - a potion of degeneration {unknown}
 k - a potion of attraction {unknown}


   Skills:
 + Level 1.5 Fighting
 + Level 2.3 Bows
 + Level 2.3 Dodging
 + Level 1.5 Spellcasting
 + Level 3.0 Hexes


You had 4 spell levels left.
You knew the following spells:

 Your Spells              Type           Power      Damage    Failure   Level
a - Corona                Hex            11%        N/A       7%          1

Your spell library contained the following spells:

 Spells                   Type           Power      Damage    Failure   Level
 Slow                     Hex            10%        N/A       10%         2
 Inner Flame              Hex/Fire       5%         N/A       36%         3
 Portal Projectile        Hex/Tloc       10%        N/A       36%         3
 Cause Fear               Hex            5%         N/A       54%         4
 Leda's Liquefaction      Hex/Erth       2%         N/A       77%         4


Dungeon Overview and Level Annotations

Branches:
Dungeon (2/15)

Annotations:
D:2 Robin


Innate Abilities, Weirdness & Mutations

Your attributes grow dramatically as you level up.
You have an increased reservoir of magic. (+10% MP)
You shall have no god before yourself.


Message History

You climb downwards.
Level annotation: Robin
There is a stone staircase leading up, spattered with blood here.
The hobgoblin hits you with a +0 dagger.
You climb upwards.
There is a stone staircase leading down here.
You hit the hobgoblin but do no damage.
The hobgoblin hits you with a +0 dagger!
The hobgoblin hits you with a +0 dagger.
You barely miss the hobgoblin.
The hobgoblin hits you with a +0 dagger!
You are too injured to fight recklessly!
You are too injured to fight recklessly!
You are too injured to fight recklessly!
You are too injured to fight recklessly!
You are too injured to fight recklessly!
You are too injured to fight recklessly!
You are too injured to fight recklessly!
You are too injured to fight recklessly!
You are too injured to fight recklessly!
Casting: Corona (safe; 7% risk of failure)
Confirm with . or Enter, or press ? or * to list all spells.
Aiming: Corona (safe; 7% risk of failure)
Press: ? - help, Shift-Dir - straight line, f - hobgoblin
Aim: a hobgoblin, wielding a +0 dagger (chance to affect: 63%)
The hobgoblin is outlined in light.
The hobgoblin closely misses you.
a - a +0 shortbow (weapon)
Fire: 6 arrows
Press: ? - help, Q - select action, (/) - cycle Shift-Dir - straight line, f/p - hobgoblin
Aim: a hobgoblin, wielding a +0 dagger (softly glowing, 78% to hit)
You shoot an arrow. The arrow barely misses the hobgoblin.
The hobgoblin hits you with a +0 dagger!
* * * LOW HITPOINT WARNING * * *
Fire: 5 arrows
Press: ? - help, Q - select action, (/) - cycle Shift-Dir - straight line, f/p - hobgoblin
Aim: a hobgoblin, wielding a +0 dagger (softly glowing, 78% to hit)
You shoot an arrow. The arrow hits the hobgoblin.
The hobgoblin is moderately wounded.
The hobgoblin hits you with a +0 dagger.
You die...

#############
............#
#######.#.#.######
.........(.....g@#
.######.#.#####+########
.# #.#.......(.....<# .#
#.#.#.......########
.######.#.##..⌠..## #.#
.#.)....#..##...## #.#
##.#######..##.## #.#
#.########..#### #.#
##.##.....##....## #.#


You could see a hobgoblin (corona).

Vanquished Creatures
  An adder (D:1)
  2 dart slugs (D:1)
  A ball python (D:1)
  5 endoplasms
  16 goblins
  2 hobgoblins
  5 quokkas
  A bat (D:2)
  A frilled lizard (D:1)
  3 kobolds
  2 rats
39 creatures vanquished.

Notes
Turn   | Place    | Note
-------+----------+-------------------------------------------
     0 | D:1      | Anon1729 the Demigod Arcane Marksman began the quest for
                  | the Orb.
     0 | D:1      | Reached XP level 1. HP: 15/15 MP: 4/4
   118 | D:1      | Reached skill level 1 in Fighting
   612 | D:1      | Reached XP level 2. HP: 22/23 MP: 6/6
  1351 | D:1      | Reached skill level 3 in Hexes
  1351 | D:1      | Reached XP level 3. HP: 12/28 MP: 1/7
  1752 | D:2      | Noticed Robin
  2354 | D:1      | Slain by a hobgoblin

Illustrated notes

Levels and vault maps discovered:
D:1:      amcnicky_arrival_feature_with_door, layout_basic
D:2:      layout_basic, basic_altar, ebering_ecumenical_altar_sacrificial,
          minmay_quantized, uniq_robin

Skill      XL: |  1  2 |
---------------+-------+-----
Fighting       | 1 |  1.5
Bows           | 2 |  2.3
Dodging        | 2 |  2.3
Hexes          | 3 |  3.0
Spellcasting   | |  1.5

Action                   || total
-------------------------++-------
Melee: Spear             ||    55
 Fire: Shortbow          ||    49
 Cast: Corona            ||    17
Armor: Robe              ||    16
Dodge: Dodged            ||    47

Table legend: (Time is in decaauts)
 A = Elapsed time spent in this place.
 B = Non-inter-level travel time spent in this place.
 C = Inter-level travel time spent in this place.
 D = Time resting spent in this place.
 E = Time spent auto-exploring this place.
 F = Levels seen in this place.
 G = Mean time per level.
                   A        B        C        D        E       F      G
               +--------+--------+--------+--------+--------+-----+--------+
         Total |   2368 |   2345 |     23 |   1060 |    909 |   2 | 1184.0 |
       Dungeon |   2368 |   2345 |     23 |   1060 |    909 |   2 | 1184.0 |
               +--------+--------+--------+--------+--------+-----+--------+

Top non-repeatable levels by time:
     D:1: 1990 daAuts
     D:2: 377 daAuts
